 Dungeon Crawl Stone Soup version 0.24.0-37-gcf1ca852f1 (webtiles) character file.

Game seed: 17788919970029042058, levelgen mode: deterministic

152 FishyPogo the Conjurer (level 5, -2/37 HPs)
             Began as a Gnoll Conjurer on Dec 1, 2019.
             Slain by a centaur skeleton (9 damage)
             ... on level 4 of the Dungeon.
             The game lasted 00:05:46 (2089 turns).

FishyPogo the Conjurer (Gnoll Conjurer)             Turns: 2089, Time: 00:05:47

Health: -2/37      AC:  4    Str: 10    XL:     5   Next: 34%
Magic:  8/12       EV: 15    Int: 19    God:
Gold:   171        SH:  0    Dex: 20    Spells: 8/14 levels left

rFire    . . .     SeeInvis .   s - +2 hand axe (venom)
rCold    . . .     Gourm    .   (no shield)
rNeg     . . .     Faith    .   a - +0 robe
rPois    .         Spirit   .   (no helmet)
rElec    .         Reflect  .   (no cloak)
rCorr    .         Harm     +   u - +1 pair of gloves
MR       +....                  (no boots)
Stlth    +++.......             n - amulet of harm
HPRegen  0.12/turn              b - ring of protection from magic
MPRegen  0.13/turn              o - +5 ring of dexterity

@: no status effects
A: distributed training, fangs 1, strong nose
a: no special abilities


You were on level 4 of the Dungeon.
You were hungry.

You visited 1 branch of the dungeon, and saw 4 of its levels.

You collected 171 gold pieces.

Inventory:

Hand Weapons
 s - a +2 hand axe of venom (weapon)
Missiles
 e - 46 stones (quivered)
Armour
 a - a +0 robe (worn)
 u - a +1 pair of gloves (worn)
Jewellery
 b - a ring of protection from magic (left hand)
 j - an uncursed ring of positive energy
 n - an amulet of harm (around neck)
 o - a +5 ring of dexterity (right hand)
Wands
 f - a wand of flame (20)
Scrolls
 k - 2 scrolls of magic mapping
Potions
 d - 4 potions of curing {unknown}
 i - 3 potions of flight {unknown}
 m - a potion of invisibility {unknown}
 p - 2 potions of heal wounds {unknown}
 r - a potion of lignification {unknown}
 t - a potion of haste {unknown}
Comestibles
 c - 4 rations
 g - 5 chunks of flesh


   Skills:
 + Level 1.4 Fighting
 + Level 1.4 Short Blades
 + Level 1.4 Long Blades
 + Level 1.4 Axes
 + Level 1.4 Maces & Flails
 + Level 1.4 Polearms
 + Level 1.4 Staves
 + Level 1.4 Slings
 + Level 1.4 Bows
 + Level 1.4 Crossbows
 + Level 1.4 Throwing
 + Level 1.4 Armour
 + Level 4.7 Dodging
 + Level 4.4 Stealth
 + Level 1.4 Shields
 + Level 1.4 Unarmed Combat
 + Level 5.2 Spellcasting
 + Level 7.2 Conjurations
 + Level 1.1 Hexes
 + Level 1.1 Charms
 + Level 1.1 Summonings
 + Level 1.1 Necromancy
 + Level 1.1 Translocations
 + Level 1.1 Transmutations
 + Level 1.1 Fire Magic
 + Level 1.1 Ice Magic
 + Level 1.1 Air Magic
 + Level 1.1 Earth Magic
 + Level 1.1 Poison Magic
 + Level 1.6 Invocations
 + Level 1.4 Evocations


You had 8 spell levels left.
You knew the following spells:

 Your Spells              Type           Power        Failure   Level  Hunger
a - Magic Dart            Conj           ####         1%          1    None
d - Dazzling Spray        Conj/Hex       ###...       7%          3    ##.....
s - Searing Ray           Conj           ####..       1%          2    #......

Your spell library contained the following spells:

 Spells                   Type           Power        Failure   Level  Hunger
 Iskenderun's Mystic Bla  Conj           ####....     6%          4    ####...
 Force Lance              Conj/Tloc      ###.....     22%         4    ####...
 Fulminant Prism          Conj/Hex       ###.......   22%         4    ####...


Dungeon Overview and Level Annotations

Branches:
Dungeon (4/15)
 Temple: D:4-7

Altars:
Dithmenos
Ru

Annotations:
D:3 1 runed translucent door, diiiiiane's ghost, amateur OpAs


Innate Abilities, Weirdness & Mutations

Your experience applies equally to all skills.
You have very sharp teeth.
Your uncanny sense of smell can sniff out nearby items.


Message History

Confirm with . or Enter, or press ? or * to list all spells.
Aiming: Magic Dart (safe; 1% risk of failure)
Press: ? - help, Shift-Dir - straight line, f/p - centaur skeleton
Aim: a centaur skeleton (moderately damaged)
The magic dart hits the centaur skeleton.
The centaur skeleton is moderately damaged.
The centaur skeleton barely misses you.
Casting: Magic Dart (safe; 1% risk of failure)
Confirm with . or Enter, or press ? or * to list all spells.
Aiming: Magic Dart (safe; 1% risk of failure)
Press: ? - help, Shift-Dir - straight line, f/p - centaur skeleton
Aim: a centaur skeleton (moderately damaged)
The magic dart hits the centaur skeleton.
The centaur skeleton is heavily damaged.
The centaur skeleton barely misses you. The bullfrog skeleton hits you.
* * * LOW HITPOINT WARNING * * *
The centaur skeleton hits you.
* * * LOW HITPOINT WARNING * * *
The centaur skeleton hits you!
You die...

**************,,,,***************
*888.# *,...# ######### *,888#
#.......##*,...* *
#?.......#**#.)* * #........#
#.#* * * #....S...# #.##### *
####........####@....###* *
..............ZZZ.......* *
*#.####.########........**
,,,*###...# #...###..,*
***##...#.######..##.##.,*
####...........##.#._.#.**
..........####.#*.......*
##....###.###*,**#.....#**
#....###...#*,,5*#...##,*


You could see a ball python skeleton, a bullfrog skeleton and a centaur
skeleton.

Vanquished Creatures
  An orc wizard (D:3)
  5 adders
  A worm (D:2)
  6 dart slugs
  A leopard gecko (D:1)
  5 orcs (D:3)
  3 ball pythons
  7 bats
  4 giant cockroaches
  6 hobgoblins
  4 frilled lizards
  5 goblins
  4 kobolds
  10 rats
62 creatures vanquished.

Notes
Turn   | Place    | Note
-------+----------+-------------------------------------------
     0 | D:1      | FishyPogo the Gnoll Conjurer began the quest for the Orb.
     0 | D:1      | Reached XP level 1. HP: 13/13 MP: 6/6
   242 | D:1      | Reached XP level 2. HP: 19/19 MP: 3/7
   814 | D:2      | Reached XP level 3. HP: 14/25 MP: 6/9
   818 | D:2      | Learned a level 2 spell: Searing Ray
   822 | D:2      | Learned a level 3 spell: Dazzling Spray
   863 | D:2      | Reached skill level 5 in Spellcasting
   925 | D:2      | Reached skill level 1 in Invocations
  1105 | D:3      | Reached skill level 1 in Fighting
  1105 | D:3      | Reached skill level 1 in Short Blades
  1105 | D:3      | Reached skill level 1 in Long Blades
  1105 | D:3      | Reached skill level 1 in Axes
  1105 | D:3      | Reached skill level 1 in Maces & Flails
  1105 | D:3      | Reached skill level 1 in Polearms
  1105 | D:3      | Reached skill level 1 in Staves
  1105 | D:3      | Reached skill level 1 in Slings
  1105 | D:3      | Reached skill level 1 in Bows
  1105 | D:3      | Reached skill level 1 in Crossbows
  1105 | D:3      | Reached skill level 1 in Throwing
  1105 | D:3      | Reached skill level 1 in Armour
  1105 | D:3      | Reached skill level 1 in Shields
  1105 | D:3      | Reached skill level 1 in Unarmed Combat
  1105 | D:3      | Reached skill level 1 in Evocations
  1105 | D:3      | Reached XP level 4. HP: 31/32 MP: 7/11
  1489 | D:3      | Reached skill level 1 in Hexes
  1489 | D:3      | Reached skill level 1 in Charms
  1489 | D:3      | Reached skill level 1 in Summonings
  1489 | D:3      | Reached skill level 1 in Necromancy
  1489 | D:3      | Reached skill level 1 in Translocations
  1489 | D:3      | Reached skill level 1 in Transmutations
  1489 | D:3      | Reached skill level 1 in Fire Magic
  1489 | D:3      | Reached skill level 1 in Ice Magic
  1489 | D:3      | Reached skill level 1 in Air Magic
  1489 | D:3      | Reached skill level 1 in Earth Magic
  1489 | D:3      | Reached skill level 1 in Poison Magic
  1588 | D:3      | Found a runed translucent door.
  1588 | D:3      | Noticed diiiiiane's ghost (amateur OpAs)
  1610 | D:3      | Reached XP level 5. HP: 33/37 MP: 6/12
  2058 | D:4      | Found a sacrificial altar of Ru.
  2082 | D:4      | Found a shadowy altar of Dithmenos.
  2089 | D:4      | Slain by a centaur skeleton

Levels and vault maps discovered:
D:1:      minmay_arrival_cross, layout_basic, chequers_serial_rivers_small_b,
          st_stairs_4
D:2:      layout_basic, first_ration, kennysheep_generic_room_11
D:3:      layout_basic, ebering_ghost_reflecting_pool
D:4:      layout_basic, nicolae_overflow_crystal_walls,
          nicolae_dithmenos_through_a_glass_darkly, gup_sewer_entry_spiral,
          small_statue_alley_b

Skill      XL: |  1  2  3  4 |
---------------+-------------+-----
Spellcasting   | 5 |  5.2
Invocations    | 1 |  1.6
Fighting       | 1 |  1.4
Short Blades   | 1 |  1.4
Long Blades    | 1 |  1.4
Axes           | 1 |  1.4
Maces & Flails | 1 |  1.4
Polearms       | 1 |  1.4
Staves         | 1 |  1.4
Slings         | 1 |  1.4
Bows           | 1 |  1.4
Crossbows      | 1 |  1.4
Throwing       | 1 |  1.4
Armour         | 1 |  1.4
Shields        | 1 |  1.4
Unarmed Combat | 1 |  1.4
Evocations     | 1 |  1.4
Hexes          | 1 |  1.1
Charms         | 1 |  1.1
Summonings     | 1 |  1.1
Necromancy     | 1 |  1.1
Translocations | 1 |  1.1
Transmutations | 1 |  1.1
Fire Magic     | 1 |  1.1
Ice Magic      | 1 |  1.1
Air Magic      | 1 |  1.1
Earth Magic    | 1 |  1.1
Poison Magic   | 1 |  1.1
Dodging        | |  4.7
Stealth        | |  4.4
Conjurations   | |  7.2

Action                   |  1- 3 |  4- 6 || total
-------------------------+-------+-------++-------
Melee: Club              |    24 |    18 ||    42
       Bite              |     2 |     4 ||     6
       Hand axe          |       |     3 ||     3
 Cast: Magic Dart        |    56 |    52 ||   108
       Searing Ray       |       |     2 ||     2
  Use: Scroll            |       |     6 ||     6
 Stab: Sleeping          |     3 |     1 ||     4
  Eat: Chunk             |     1 |     2 ||     3
Armor: Robe              |     5 |     3 ||     8
Dodge: Dodged            |    23 |    24 ||    47
